 Dungeon Crawl Stone Soup version bcrawl-1.35.4b (webtiles) character file.

Game seed: 3672351223507069866

628508 doomedcactus the Devastator (level 15, -7/103 HPs)
             Began as a Fairy Conjurer on Jan 28, 2022.
             Was a High Priest of Vehumet.
             Killed from afar by an electric eel (14 damage)
             ... with a bolt of electricity
             ... on level 2 of the Snake Pit.
             The game lasted 01:06:59 (17059 turns).

doomedcactus the Devastator (Fairy Conjurer)       Turns: 17059, Time: 01:07:00

Health: -7/103     AC: 11    Str:  6    XL:     15   Next: 65%
Magic:  10/41      EV: 24    Int: 25    God:    Vehumet [*****.]
Gold:   1148       SH:  8    Dex: 13    Spells: 0/37 levels left

rFire    + . .     SeeInvis .   I - +2 whip (elec)
rCold    . . .     Gourm    .   (shield restricted)
rNeg     . . .     Faith    .   (armour unavailable)
rPois    .         Spirit   .   x - +0 helmet
rElec    .         Reflect  .   U - scarf {clouds}
rCorr    .                      y - +0 pair of gloves
MR       +....                  z - +0 pair of boots
Stlth    +.........             (no amulet)
HPRegen  0.27/turn              m - ring of protection from fire
MPRegen  0.27/turn              q - ring of magical power

@: flying evasively, lightly drained
A: small, magic attunement, unstealthy, unfitting armour, able to fly, AC/SH +8
a: Stop Flying, Renounce Religion, Evoke Fog


You were on level 2 of the Snake Pit.
You worshipped Vehumet.
Vehumet was extremely pleased with you.
You were hungry.

You visited 4 branches of the dungeon, and saw 20 of its levels.
You also visited: Ice Cave.

You collected 1549 gold pieces.
You spent 401 gold pieces at shops.

Inventory:

Hand Weapons
 s - a +0 dagger of pain
 C - a +6 trident of venom
 D - a +0 short sword of venom
 I - a +2 whip of electrocution (weapon)
 N - a +3 demon trident of freezing
Missiles
 R - a throwing net (quivered) {=f}
Armour
 x - a +0 helmet (worn)
 y - a +0 pair of gloves (worn)
 z - a +0 pair of boots (worn)
 U - a scarf of clouds (worn)
Jewellery
 d - an uncursed amulet of faith
 m - a ring of protection from fire (left hand)
 o - an uncursed ring of resist corrosion
 q - a ring of magical power (right hand)
 E - an uncursed ring of see invisible
 J - an uncursed ring of positive energy
 M - the ring of Division {Fire Str-4 Slay+5}
   (You found it on level 4 of the Lair of Beasts)

   [ring of fire]

   It enhances your fire magic.
   It affects your strength (-4).
   It affects your accuracy and damage with ranged weapons and melee attacks
   (+5).
   It protects you from fire.
   It makes you vulnerable to cold.
Wands
 f - a wand of disintegration (28)
 t - a wand of polymorph (35)
 v - a wand of iceblast (28)
 A - a wand of acid (11)
 O - a wand of enslavement (9)
Scrolls
 g - a scroll of fear
 i - 8 scrolls of identify
 j - 3 scrolls of magic mapping
 n - 2 scrolls of silence {unknown}
 p - 7 scrolls of remove curse
 B - 3 scrolls of amnesia
 G - 2 scrolls of summoning {unknown}
 H - 2 scrolls of enchant weapon {unknown}
 P - 2 scrolls of blinking {unknown}
 Q - a scroll of vulnerability {unknown}
 S - a scroll of fog {unknown}
Potions
 a - 3 potions of brilliance
 b - a potion of magic
 c - 6 potions of ambrosia
 l - 6 potions of curing
 r - 4 potions of agility
 u - 2 potions of lignification {unknown}
 w - 2 potions of resistance {unknown}
 F - 4 potions of haste {unknown}
 L - 3 potions of mutation {unknown}
 T - a potion of berserk rage {unknown}
Miscellaneous
 K - a lamp of fire
 V - a sack of spiders
Comestibles
 e - 26 rations {!d}


   Skills:
 * Level 9.6(9.2) Fighting
 + Level 0.7(0.4) Maces & Flails
 * Level 13.2(12.8) Dodging
 - Level 1.5(1.2) Stealth
 - Level 11.8(11.4) Spellcasting
 + Level 20.2(19.8) Conjurations
 + Level 2.0(1.6) Hexes
 * Level 1.6(1.3) Summonings
 + Level 0.9(0.6) Translocations
 + Level 1.6(1.2) Transmutations
 * Level 12.0(11.6) Fire Magic
 + Level 1.4(1.1) Air Magic
 + Level 0.4(0.1) Earth Magic
 + Level 1.4(1.1) Poison Magic
 + Level 0.5(0.2) Evocations


You couldn't memorise any spells.
You knew the following spells:

 Your Spells              Type           Power        Failure   Level  Hunger
a - Magic Dart            Conj           ####         0%          1    None
b - Fireball              Conj/Fire      #######...   1%          5    None
c - Iskenderun's Mystic   Conj           #######.     0%          3    None
d - Bolt of Fire          Conj/Fire      #######...   1%          6    None
e - Blink                 Tloc           N/A          4%          2    None
f - Mephitic Cloud        Conj/Pois/Air  ######..     1%          3    None
g - Searing Ray           Conj           #######.     0%          2    None
h - Fulminant Prism       Conj/Hex       ######....   1%          4    None
i - Ignite Poison         Fire/Tmut/Pois #####...     1%          3    None
j - Iron Shot             Conj/Erth      ######....   3%          6    None
k - Call Imp              Summ           ###...       3%          2    None

Your spell library contained the following spells:

 Spells                   Type           Power        Failure   Level  Hunger
 Conjure Flame            Conj/Fire      #######.     0%          3    None
 Shock                    Conj/Air       #####        1%          1    None
 Bolt of Magma            Conj/Fire/Erth ######....   1%          5    None
 Irradiate                Conj/Tmut      ######....   1%          5    None
 Lightning Bolt           Conj/Air       ######....   1%          5    None
 Bolt of Cold             Conj/Ice       ######....   3%          6    None
 Animate Skeleton         Necr           N/A          4%          1    None
 Pain                     Necr           ##....       4%          1    None
 Swiftness                Chrm/Air       ###.....     5%          2    None
 Airstrike                Air            ###.......   7%          4    None
 Call Canine Familiar     Summ           ###.....     8%          3    None
 Spider Form              Tmut/Pois      ###          8%          3    None
 Static Discharge         Air            ###.....     9%          3    None
 Vampiric Draining        Necr           ##........   13%         3    None
 Tree Form                Hex/Tmut       N/A          22%         4    None
 Summon Ice Beast         Ice/Summ       ###.....     32%         4    None
 Agony                    Necr           ##......     38%         4    None
 Animate Dead             Necr           N/A          38%         4    None
 Steam Barrier            Chrm/Fire      #####.....   52%         6    None
 Ignition                 Fire           ######....   52%         8    None
 Summon Mana Viper        Hex/Summ       ###.....     54%         5    None
 Metabolic Englaciation   Hex/Ice        ###.......   63%         5    None
 Dispel Undead            Necr           ##......     75%         5    None
 Freezing Cloud           Ice/Air        ###.......   77%         6    None
 Ozocubu's Refrigeration  Ice            ##........   82%         6    None
 Summon Hydra             Summ           ###.......   98%         6    None
 Statue Form              Tmut/Erth      ###......    99%         6    None
 Simulacrum               Ice/Necr       ##........   100%        6    None
 Dragon Form              Tmut           ###....      100%        7    None
 Monstrous Menagerie      Summ           ###.......   100%        7    None
 Necromutation            Tmut/Necr      ###.....     100%        8    None


Dungeon Overview and Level Annotations

Branches:
Dungeon (11/12)            Temple (1/1) D:4            Lair (6/6) D:8
 Shoals (0/3) Lair:3        Snake (2/3) Lair:2        Slime (0/5) Lair:6
    Orc: D:8-11      Vaults: D:11-12

Altars:
Ashenzari
Cheibriados
Dithmenos
Elyvilon
Fedhas
Gozag
Hepliaklqana
Lugonu
Nemelex Xobeh
Qazlal
Ru
Uskayaw
Vehumet
Xom
Jiyva

Shops:
D:4 ([%=(   D:6 !   D:7 }   D:9 %

Portals:
Trove: D:10 (give 7 potions of agility)

Annotations:
D:4 1 runed door
D:7 2 runed translucent doors, Zardul's ghost, novice TrBe
D:10 2 transporters, dscm's ghost, novice KoBe
Lair:5 3 runed translucent doors, Wired's ghost, journeyman MiAc
Snake:1 Aizul; Asterion


Innate Abilities, Weirdness & Mutations

Your spells do not cause hunger and MP costs are reduced by 1.
Your bright wings attract enemies. (Stealth-)
You cannot fit into any form of body armour.
Your shimmering scales are hard and can block incoming attacks. (AC +8, SH +8)
You are small and have problems with some larger weapons.
You can fly continuously.


Message History

Vehumet accepts your kill.
You feel your power returning.
You feel sick.
The guardian serpent closely misses you.
The naga misses you.
* * * LOW HITPOINT WARNING * * *
The naga constricts you.
The guardian serpent coils itself and waves its upper body at you.
You easily resist.
You hear a shout!
Your base Hexes skill increases to level 2!
You feel better. The guardian serpent hits you!
* * * LOW HITPOINT WARNING * * *
Casting: Iskenderun's Mystic Blast (safe; 0% risk of failure)
Confirm with . or Enter, or press ? or * to list all spells.
You blink.
The naga loses its grip on you. 3 nagas, a naga warrior, a guardian serpent and 3 electric eels come into view.
The naga warrior is wielding a +0 battleaxe and quivering 30 steel javelins.
The electric eel shoots out a bolt of lightning at you!
The bolt of electricity hits the naga!
The bolt of electricity hits you!
You die...

≈≈≈≈≈≈≈≈≈≈P≈...
≈≈≈≈≈≈≈≈≈≈≈..%.
≈≈≈≈≈≈≈≈≈P.....
≈≈≈≈;;≈≈≈≈≈....
≈≈P≈≈N≈≈≈≈≈P..#
♣P≈≈;NP≈≈≈(.%#
♣NSN≈≈≈PP...
###♣♣♣♣#@#
#N§)....##
##.S...##
#<...## #..###
#.## #.# .)#
..)


You could see a naga warrior, 2 guardian serpents, 4 nagas and 3 electric eels.

Vanquished Creatures
  A sphinx (Lair:2)
  A nagaraja (Snake:1)
  2 very ugly things (IceCv)
  Nessos (Lair:6)
  Urug (Lair:5)
  Fannar (Lair:1)
  2 catoblepae
  An anaconda (Snake:1)
  6 hydras
  24 death yaks
  A naga sharpshooter (Snake:2)
  A salamander mystic (Snake:1)
  4 anaconda skeletons (Lair:2)
  A cyclops (D:9)
  A naga ritualist (Snake:1)
  A mana viper (Snake:1)
  2 oklob plants (Lair:3)
  A lindwurm (Lair:6)
  A manticore (Lair:5)
  3 salamanders (Snake:1)
  6 elephants
  2 centaur zombies (D:7)
  2 torpor snails (Lair:6)
  6 black mambas
  11 cane toads
  5 ice statues (IceCv)
  4 naga magi
  3 rime drakes (Lair:5)
  7 komodo dragons
  2 anaconda simulacra (IceCv)
  2 golden dragon simulacra (IceCv)
  2 merfolk (Lair:3)
  A troll (D:9)
  3 polar bears
  21 blink frogs
  A dream sheep (Lair:6)
  5 hornets (Lair:6)
  A slime creature (D:5)
  10 hippogriffs
  47 yaks
  12 spriggans
  A dire elephant simulacrum (IceCv)
  Sigmund (D:6)
  A vampire (D:10)
  8 wyverns
  9 basilisks
  A vampire mosquito (D:9)
  8 nagas
  2 harpy simulacra (IceCv)
  5 water moccasins
  A hell hound (Lair:5)
  13 crocodiles
  2 hydra simulacra (IceCv)
  8 porcupines
  An orc warrior (D:9)
  A soldier ant (D:9)
  7 ice beasts
  6 black bears
  A phantom (D:8)
  2 sky beasts (D:7)
  An eye of draining (D:9)
  An ogre (D:7)
  21 wolves
  A centaur (D:3)
  4 boggarts (Lair:6)
  9 bullfrogs
  Blork the orc (D:6)
  A gnoll sergeant (D:6)
  4 scorpions
  3 howler monkeys
  4 electric eels
  4 orc priests
  2 crimson imps
  2 quasits
  3 jellies
  3 hounds
  3 orc wizards
  3 centaur skeletons
  Ijyb (D:4)
  3 iguanas
  4 worker ants
  2 hound skeletons
  A howler monkey zombie (D:5)
  3 gnolls (D:5)
  9 adders
  3 shadow imps
  An ooze (D:2)
  2 adder zombies
  2 worms
  3 dart slugs
  3 leopard geckos
  21 orcs
  4 bats
  4 giant cockroaches
  3 hobgoblins
  5 jackals
  5 quokkas
  A ball python (D:3)
  2 frilled lizards
  5 goblins
  12 kobolds
  A quokka skeleton (D:6)
  5 rats
  A bush (Lair:5)
  6 fungi
  6 plants
475 creatures vanquished.

Vanquished Creatures (others)
  22 fulminant prisms
  11 fungi
  19 plants
52 creatures vanquished.

Grand Total: 527 creatures vanquished

Notes
Turn   | Place    | Note
-------+----------+-------------------------------------------
     0 | D:1      | doomedcactus the Fairy Conjurer began the quest for the
                  | Orb.
     0 | D:1      | Reached XP level 1. HP: 11/11 MP: 6/6
    19 | D:1      | Reached skill level 5 in Conjurations
   102 | D:1      | Reached XP level 2. HP: 17/17 MP: 7/7
   108 | D:1      | Learned a level 2 spell: Searing Ray
   461 | D:1      | Reached XP level 3. HP: 6/21 MP: 9/9
   572 | D:1      | Learned a level 3 spell: Iskenderun's Mystic Blast
   913 | D:2      | Found a faded altar of an unknown god.
   927 | D:2      | Reached skill level 6 in Conjurations
  1361 | D:2      | Noticed a scorpion
  1364 | D:2      | Killed a scorpion
  1365 | D:2      | Reached XP level 4. HP: 27/27 MP: 3/10
  1551 | D:3      | Reached XP level 5. HP: 32/32 MP: 8/12
  1674 | D:3      | Learned a level 4 spell: Fulminant Prism
  1684 | D:3      | Reached skill level 1 in Fighting
  1684 | D:3      | Reached skill level 7 in Conjurations
  1869 | D:3      | Reached XP level 6. HP: 22/38 MP: 10/13
  2611 | D:4      | Reached skill level 8 in Conjurations
  2624 | D:4      | Found Ydirock's Weapon Shop.
  2751 | D:4      | Found Fuhuddim's Weapon Shoppe.
  2788 | D:4      | Noticed Ijyb
  2792 | D:4      | Killed Ijyb
  2793 | D:4      | Reached XP level 7. HP: 44/44 MP: 6/15
  3013 | D:4      | Found a staircase to the Ecumenical Temple.
  3014 | D:4      | Found Pueb's Food Shoppe.
  3022 | Temple   | Entered the Ecumenical Temple
  3054 | Temple   | Became a worshipper of Vehumet
  3087 | D:4      | Found Naskyal's Jewellery Emporium.
  3094 | D:4      | Bought a cursed -2 ring of evasion for 26 gold pieces
  3094 | D:4      | Bought a cursed amulet of inaccuracy for 26 gold pieces
  3181 | D:4      | Found a runed door.
  3233 | D:4      | Found Nupan's Armour Emporium.
  3242 | D:4      | Bought a +0 helmet for 45 gold pieces
  3242 | D:4      | Bought a +0 pair of gloves for 45 gold pieces
  3242 | D:4      | Bought a +0 pair of boots for 45 gold pieces
  3335 | D:5      | Entered Level 5 of the Dungeon
  3497 | D:5      | Noticed a slime creature
  3497 | D:5      | Noticed a yak
  3501 | D:5      | Killed a slime creature
  3502 | D:5      | Reached skill level 5 in Spellcasting
  3744 | D:5      | Learned a level 2 spell: Blink
  3748 | D:5      | Learned a level 3 spell: Mephitic Cloud
  3762 | D:5      | Reached skill level 9 in Conjurations
  3877 | D:5      | Reached XP level 8. HP: 51/51 MP: 16/18
  4019 | D:5      | Found a blossoming altar of Fedhas.
  4304 | D:6      | Noticed Sigmund
  4310 | D:6      | Killed Sigmund
  4311 | D:6      | Reached skill level 5 in Dodging
  4423 | D:6      | Reached skill level 10 in Conjurations
  4585 | D:6      | Reached * piety under Vehumet
  4585 | D:6      | Offered knowledge of Shock by Vehumet.
  4712 | D:6      | Reached XP level 9. HP: 46/57 MP: 18/21
  4768 | D:6      | Noticed Blork the orc
  4772 | D:6      | Killed Blork the orc
  4834 | D:6      | Found Irog's Distillery.
  4844 | D:6      | Bought 2 potions of heal wounds for 130 gold pieces
  4844 | D:6      | Bought a potion of curing for 32 gold pieces
  5300 | D:7      | Reached skill level 11 in Conjurations
  5491 | D:7      | Found a large runed translucent door.
  5497 | D:7      | Found a large runed translucent door.
  5499 | D:7      | Noticed Zardul's ghost (novice TrBe)
  5599 | D:7      | Found Kuuv's Gadget Boutique.
  5907 | D:7      | Found a sacrificial altar of Ru.
  6329 | D:8      | Found a staircase to the Lair.
  6334 | D:8      | Noticed a fire dragon
  6386 | D:9      | Reached skill level 12 in Conjurations
  6468 | D:9      | Reached XP level 10. HP: 65/65 MP: 13/24
  6534 | D:9      | Found Jaroemish's Food Shop.
  6582 | D:9      | Reached skill level 13 in Conjurations
  6772 | D:9      | Noticed a cyclops
  6787 | D:9      | Reached ** piety under Vehumet
  6787 | D:9      | Offered knowledge of Throw Frost by Vehumet.
  6901 | D:9      | Killed a cyclops
  7442 | D:10     | Entered Level 10 of the Dungeon
  7448 | D:10     | Reached skill level 5 in Fighting
  7623 | D:10     | Found a transporter.
  7627 | D:10     | Noticed dscm's ghost (novice KoBe)
  7769 | D:10     | Found a portal to a secret trove of treasure.
  7888 | D:6      | Bought a potion of agility for 52 gold pieces
  7934 | D:8      | Reached skill level 10 in Spellcasting
  8094 | D:10     | Found a transporter.
  8183 | D:10     | Noticed a fire dragon
  8310 | Lair:1   | Entered Level 1 of the Lair of Beasts
  8380 | Lair:1   | Noticed a black mamba
  8384 | Lair:1   | Killed a black mamba
  8385 | Lair:1   | Reached XP level 11. HP: 72/72 MP: 23/27
  8712 | Lair:1   | Reached skill level 14 in Conjurations
  8887 | Lair:1   | Noticed Fannar
  8899 | Lair:1   | Killed Fannar
  8899 | Lair:1   | Offered knowledge of Inner Flame by Vehumet.
  9559 | Lair:2   | Reached *** piety under Vehumet
  9649 | Lair:2   | Found a staircase to the Snake Pit.
  9649 | Lair:2   | Noticed a sphinx
  9668 | Lair:2   | Reached skill level 15 in Conjurations
  9688 | Lair:2   | Killed a sphinx
  9755 | Lair:2   | Reached XP level 12. HP: 37/79 MP: 22/29
 10123 | Lair:2   | Noticed a catoblepas
 10134 | Lair:2   | Killed a catoblepas
 10135 | Lair:2   | Reached skill level 16 in Conjurations
 10173 | Lair:2   | Learned a level 5 spell: Fireball
 10180 | Lair:2   | Learned a level 6 spell: Bolt of Fire
 10640 | Lair:3   | Found a shattered altar of Ashenzari.
 10645 | Lair:3   | Reached skill level 1 in Fire Magic
 10824 | Lair:3   | Offered knowledge of Ignite Poison by Vehumet.
 10830 | Lair:3   | Learned a level 3 spell: Ignite Poison
 10855 | Lair:3   | Noticed a six-headed hydra
 10862 | Lair:3   | Killed a six-headed hydra
 11057 | Lair:3   | Noticed a four-headed hydra
 11063 | Lair:3   | Killed a four-headed hydra
 11064 | Lair:3   | Reached skill level 10 in Dodging
 11205 | Lair:3   | Reached skill level 1 in Hexes
 11366 | Lair:3   | Reached skill level 1 in Poison Magic
 11371 | Lair:3   | Found a staircase to the Shoals.
 11885 | Lair:4   | Got a transparent copper ring
 11986 | Lair:4   | Reached **** piety under Vehumet
 11993 | Lair:4   | Offered knowledge of Lightning Bolt by Vehumet.
 11994 | Lair:4   | Reached skill level 5 in Fire Magic
 11996 | Lair:4   | Reached skill level 1 in Air Magic
 12013 | Lair:4   | Reached XP level 13. HP: 69/86 MP: 8/30
 12030 | Lair:4   | Reached skill level 1 in Transmutations
 12178 | Lair:4   | Reached skill level 17 in Conjurations
 12882 | Lair:5   | Reached ***** piety under Vehumet
 13089 | Lair:5   | Offered knowledge of Orb of Destruction by Vehumet.
 13220 | Lair:5   | Reached skill level 18 in Conjurations
 13363 | Lair:5   | Noticed Wired's ghost (journeyman MiAc)
 13368 | Lair:5   | Found a runed translucent gate.
 13368 | Lair:5   | Found a runed translucent gate.
 13369 | Lair:5   | Found a runed translucent gate.
 13722 | Lair:6   | Entered Level 6 of the Lair of Beasts
 13739 | Lair:6   | Noticed Nessos
 13851 | Lair:6   | Noticed Urug
 13954 | Lair:5   | Killed Urug
 14033 | Lair:6   | Reached XP level 14. HP: 94/94 MP: 31/31
 14344 | Lair:6   | Killed Nessos
 14382 | Lair:6   | Reached skill level 19 in Conjurations
 14678 | Lair:6   | Found a staircase to the Slime Pits.
 14680 | Lair:6   | Found a viscous altar of Jiyva.
 14800 | Lair:5   | Reached skill level 10 in Fire Magic
 15158 | Lair:6   | Offered knowledge of Iron Shot by Vehumet.
 15175 | Lair:6   | Reached XP level 15. HP: 101/101 MP: 27/32
 16084 | Snake:1  | Entered Level 1 of the Snake Pit
 16120 | Snake:1  | Noticed a nagaraja
 16125 | Snake:1  | Killed a nagaraja
 16144 | Snake:1  | Reached skill level 20 in Conjurations
 16211 | Snake:1  | Found a frozen archway.
 16284 | IceCv    | Entered an ice cave
 16399 | IceCv    | Got a twitching granite ring
 16416 | IceCv    | Identified the ring of Division {Fire Str-4 Slay+5} (You
                  | found it on level 4 of the Lair of Beasts)
 16418 | IceCv    | Identified the ring "Uhuntu" {+Fly rN+} (You found it in an
                  | ice cave)
 16431 | IceCv    | Learned a level 6 spell: Iron Shot
 16579 | IceCv    | Learned a level 2 spell: Call Imp
 16612 | Snake:1  | Noticed Asterion
 16623 | Snake:1  | Noticed a balrug
 16630 | Snake:1  | Noticed Aizul
 16853 | Snake:1  | Reached skill level 1 in Summonings
 17054 | Snake:2  | HP: 4/102 [naga/splash of poison (4)]
 17059 | Snake:2  | Killed from afar by an electric eel

Skill      XL: |  1  2  3  4  5  6  7  8  9 10 11 12 13 14 15 |
---------------+----------------------------------------------+-----
Conjurations   | 5 6 7 8 9 10 12 13 15 16 18 19 20 | 20.2
Spellcasting   | 3 4 5 7 8 10 11 | 11.8
Dodging        | 3 4 5 6 7 9 10 11 12 13 | 13.2
Fighting       | 1 2 3 4 5 6 7 8 9 |  9.6
Fire Magic     | 5 7 10 12 | 12.0
Hexes          | 1 2 |  2.0
Poison Magic   | 1 |  1.4
Air Magic      | 1 |  1.4
Transmutations | 1 |  1.6
Summonings     | 1 |  1.6
Maces & Flails | |  0.7
Stealth        | |  1.5
Translocations | |  0.9
Earth Magic    | |  0.4
Evocations     | |  0.5

Action                   |  1- 3 |  4- 6 |  7- 9 | 10-12 | 13-15 || total
-------------------------+-------+-------+-------+-------+-------++-------
Melee: Short sword       |       |       |     2 |       |       ||     2
       Whip              |       |       |       |       |    12 ||    12
 Cast: Magic Dart        |    77 |    53 |   169 |    90 |     1 ||   390
       Iskenderun's Myst |     3 |    13 |    64 |   195 |   299 ||   574
       Searing Ray       |     1 |     1 |     3 |       |       ||     5
       Fulminant Prism   |       |       |     1 |    12 |     9 ||    22
       Fireball          |       |       |       |    19 |   132 ||   151
       Bolt of Fire      |       |       |       |     5 |    34 ||    39
       Mephitic Cloud    |       |       |       |     4 |     3 ||     7
       Ignite Poison     |       |       |       |     3 |     1 ||     4
       Blink             |       |       |       |       |    11 ||    11
       Iron Shot         |       |       |       |       |     9 ||     9
Evoke: Wand              |       |       |       |       |     1 ||     1
  Use: Scroll            |       |     3 |     6 |       |     7 ||    16
       Potion            |       |       |       |       |    10 ||    10
  Eat: Chunk             |     1 |     3 |    15 |    16 |    18 ||    53
       Ration            |       |       |       |     1 |     1 ||     2
Armor: Skin              |     1 |     1 |     8 |    16 |    21 ||    47
Dodge: Dodged            |     8 |     4 |    45 |    78 |   172 ||   307
Block: Other             |     1 |     2 |    18 |    15 |    76 ||   112
